 Dungeon Crawl Stone Soup version 0.15-a0-2102-gacb6860 (console) character file.

139 zyrkx the Ruinous (level 5, 0/30 HPs)
             Began as a Gargoyle Conjurer on July 14, 2014.
             Slain by an orc
             ... wielding a +0 flail
              (8 damage)
             ... on Level 3 of the Dungeon on July 15, 2014.
             The game lasted 00:10:24 (2317 turns).

zyrkx the Ruinous (Gargoyle Conjurer)               Turns: 2317, Time: 00:10:24

HP   0/30        AC  6     Str 12      XL: 5   Next: 22%
MP  10/10        EV 12     Int 16      God:
Gold 51          SH  0     Dex 10      Spells:  3 memorised,  2 levels left

rFire  . . .     SeeInvis .     d - +2 spear (freeze)
rCold  . . .     Clarity  .     a - +0 robe
rNeg   + . .     rCorr    .     (no shield)
rPois  +         rRot     +     (no helmet)
rElec  +         Spirit   .     (no cloak)
SustAb .         Warding  .     (no gloves)
rMut   .         Stasis   .     (no boots)
Gourm  .                        (no amulet)
MR     .....                    (no ring)
                                (no ring)

@: not resistant to hostile enchantments, unstealthy
A: negative energy resistance 1, electricity resistance, unbreathing,
petrification resistance, rot immunity, AC +4
a: no special abilities


You were on level 3 of the Dungeon.
You were not hungry.

You visited 1 branch of the dungeon, and saw 4 of its levels.

You collected 51 gold pieces.

Inventory:

Hand weapons
 d - a +2 spear of freezing (weapon)
 j - a +1 dagger of speed
Missiles
 e - 65 stones (quivered)
Armour
 a - a +0 robe (worn)
Comestibles
 b - 2 bread rations
 n - a chunk of bat flesh
 o - a meat ration
 p - 3 chunks of hobgoblin flesh
Scrolls
 f - a scroll of blinking {unknown}
 g - a scroll of identify {unknown}
 h - a scroll of magic mapping {unknown}
Jewellery
 i - a +2 ring of slaying {unknown}
Potions
 l - a potion of might {unknown}
 m - a potion of resistance {unknown}
Books
 c - a book of Conjurations

   Spells                             Type                      Level
   *Magic Dart                        Conjuration                  1
   *Searing Ray                       Conjuration                  2
   Dazzling Spray                     Conjuration/Hexes            3
   Fulminant Prism                    Conjuration/Hexes            4
   *Iskenderun's Mystic Blast         Conjuration                  4
   Iskenderun's Battlesphere          Conjuration/Charms           5


   Skills:
 * Level 1.9 Fighting
 + Level 1.5 Armour
 + Level 2.1 Dodging
 - Level 2.4 Stealth
 * Level 2.9 Spellcasting
 + Level 5.1 Conjurations


You had 2 spell levels left.
You knew the following spells:

 Your Spells              Type           Power        Failure   Level  Hunger
a - Magic Dart            Conj           ###.         2%          1    #......
b - Searing Ray           Conj           ###...       4%          2    ##.....
c - Iskenderun's Mystic   Conj           ###.....     28%         4    #####..


Dungeon Overview and Level Annotations

Branches:
Dungeon (4/15)
 Temple: D:4-7

Altars:

Annotations:
D:2 Purgy


Innate Abilities, Weirdness & Mutations

You are resistant to torment.
You are immune to poison.
Your stone body is very resilient (AC +4).
You resist negative energy.
You are resistant to electric shocks.
You can survive without breathing.
You are immune to petrification.
You are immune to rotting.


Message History

The searing ray hits the orc wizard.
The orc wizard is almost dead.
The orc hits you with a flail.
The orc wizard hits you but does no damage.
The searing ray misses the orc wizard.
The orc closely misses you.
The orc wizard mumbles some strange words.
The orc wizard flickers and vanishes!
Deactivating autopickup; reactivate with Ctrl-A.
You hit the orc. You freeze the orc.
The orc is heavily wounded.
The orc closely misses you. Something hits you.
You closely miss the orc.
The orc is heavily wounded.
You hear some strange, mumbled words.
The puff of flame hits you! The orc hits you with a flail!
* * * LOW HITPOINT WARNING * * *
Drink which item? (? for menu, Esc to quit)
Magic courses through your body.
It was a potion of magic.
Something hits you but does no damage. The orc hits you with a flail!
You die...

#####.###########.#.#
....................#
..##.############.###
..##.# ..# #[# ..##.#.
#.# #)# ..##.#.#
#.######.#
####.#.###........####
#.#.#........o....#
#.#.#.....)..@....#
#.#.#.............#
#.#.#.............#
####'#.#.............#
....[..#.............#
.......#.............#
.......'.............+
.......#.............
.......#..........


You could see an orc.

Vanquished Creatures
  An orc priest (D:3)
  Jessica (D:3)
  2 adders (D:2)
  A worm (D:2)
  An ooze (D:2)
  4 orcs
  7 bats
  3 giant cockroaches
  9 goblins
  11 hobgoblins
  4 jackals (D:1)
  3 kobolds (D:1)
  2 ball pythons (D:2)
  3 giant newts
  10 rats
62 creatures vanquished.

Notes
Turn   | Place    | Note
--------------------------------------------------------------
     0 | D:1      | zyrkx, the Gargoyle Conjurer, began the quest for the Orb.
     0 | D:1      | Reached XP level 1. HP: 10/10 MP: 3/3
     6 | D:1      | Upgraded the game from 0.15-a0-2099-gfb1bfb9 to 0.15-a0-2102-gacb6860
    89 | D:1      | Reached XP level 2. HP: 9/15 MP: 1/4
   528 | D:1      | Reached XP level 3. HP: 20/20 MP: 0/6
   779 | D:1      | Learned a level 2 spell: Searing Ray
  1028 | D:2      | Reached skill level 1 in Fighting
  1123 | D:3      | Noticed Purgy
  1323 | D:2      | Reached skill level 1 in Armour
  1323 | D:2      | Reached XP level 4. HP: 21/25 MP: 4/8
  1798 | D:1      | Learned a level 4 spell: Iskenderun's Mystic Blast
  1899 | D:2      | Reached skill level 5 in Conjurations
  2155 | D:3      | Reached XP level 5. HP: 30/30 MP: 7/10
  2278 | D:3      | Noticed Jessica
  2281 | D:3      | Killed Jessica
  2317 | D:3      | Slain by an orc

Action                   |  1- 3 |  4- 6 || total
-------------------------+-------+-------++-------
Melee: Spear             |    25 |     5 ||    30
Throw: Stone             |     8 |       ||     8
 Cast: Magic Dart        |    70 |    42 ||   112
       Searing Ray       |     1 |     5 ||     6
  Use: Potion            |       |     2 ||     2
 Stab: Sleeping          |     1 |       ||     1
  Eat: Chunk             |     2 |     4 ||     6
